 Dungeon Crawl Stone Soup version 0.29-a0-352-g0917bc69df (webtiles) character file.

Game seed: 198478413255592273

25 avis the Chopper (level 3, -1/33 HPs)
             Began as a Hill Orc Monk on Apr 23, 2022.
             Slain by a worm (11 damage)
             ... on level 2 of the Dungeon.
             The game lasted 00:06:31 (1424 turns).

avis the Chopper (Hill Orc Monk)                    Turns: 1424, Time: 00:06:32

Health: -1/33      AC:  2    Str: 15    XL:     3   Next: 4%
Magic:  3/3        EV: 12    Int: 10    God:
Gold:   68         SH:  0    Dex: 13    Spells: 2/2 levels left

rFire   . . .      SeeInvis .   a - +0 hand axe
rCold   . . .      Faith    .   (no shield)
rNeg    . . .      Spirit   .   b - +0 robe
rPois   .          Reflect  .   (no helmet)
rElec   .          Harm     .   (no cloak)
rCorr   .          Rampage  .   (no gloves)
Will    .....                   (no boots)
Stlth   ++........              (no amulet)
HPRegen 0.11/turn               (no ring)
MPRegen 0.08/turn               (no ring)

@: no status effects
A: no striking features
a: no special abilities


You were on level 2 of the Dungeon.
You visited 1 branch of the dungeon, and saw 2 of its levels.

You collected 68 gold pieces.

Inventory:

Hand Weapons
 a - a +0 hand axe (weapon)
Missiles
 h - 29 stones (quivered)
Armour
 b - a +0 robe (worn)
Magical Staves
 k - a staff of earth
Scrolls
 d - a scroll of identify {unknown}
 i - a scroll of enchant weapon {unknown}
 m - a scroll of fog {unknown}
 n - a scroll of vulnerability {unknown}
 o - a scroll of amnesia {unknown}
Potions
 c - a potion of ambrosia
 e - 6 potions of curing {unknown}
 f - a potion of brilliance {unknown}
 g - a potion of lignification {unknown}
 j - a potion of heal wounds {unknown}
 l - a potion of might {unknown}


   Skills:
 + Level 4.0 Fighting
 + Level 4.4 Axes
 + Level 2.6 Dodging
 + Level 2.0 Stealth


You had 2 spell levels left.
You didn't know any spells.
Your spell library contained the following spells:

 Spells                   Type           Power      Damage    Failure   Level
 Sublimation of Blood     Necr           0%         N/A       50%         2
 Wereblood                Tmut           0%         N/A       50%         2
 Summon Hydra             Summ           0%         N/A       100%        7


Dungeon Overview and Level Annotations

Branches:
Dungeon (2/15)

Altars:
Ashenzari

Shops:
D:1 [[


Message History

You see here a +0 short sword.
You start resting.
HP restored.
o - a scroll labelled SERYPH CAT LYA A worm comes into view.
The helpless worm fails to defend itself.
You hit the worm.
The worm is moderately wounded.
The worm bites you!
You hit the worm.
The worm is moderately wounded.
The worm bites you.
You barely miss the worm.
The worm is lightly wounded.
You hit the worm.
The worm is moderately wounded.
The worm barely misses you.
You hit the worm but do no damage.
The worm is moderately wounded.
You hit the worm.
The worm is moderately wounded.
The worm bites you.
You hit the worm.
The worm is heavily wounded.
The worm bites you!
* * * LOW HITPOINT WARNING * * *
You hit the worm.
The worm is severely wounded.
You barely miss the worm.
The worm is severely wounded.
The worm barely misses you.
You hit the worm.
The worm is severely wounded.
The worm barely misses you.
You hit the worm but do no damage.
The worm is severely wounded.
You barely miss the worm.
The worm is severely wounded.
The worm bites you!
You die...

#........# .#
#........# ..
#........# #.
#........#
#.##........#
..#........#
#.#........##
#w#.........#
#.@###.##...#
##.###.# ...
##..##)# .
...##.#
##..#.#
#..#.##
#.....#
#.....# #
##.._..#


You could see a worm.

Vanquished Creatures
  An endoplasm (D:1)
  4 giant cockroaches
  A goblin (D:1)
  3 hobgoblins (D:1)
  4 quokkas (D:1)
  2 ball pythons
  A bat (D:1)
  3 kobolds
  2 rats (D:1)
21 creatures vanquished.

Notes
Turn   | Place    | Note
-------+----------+-------------------------------------------
     0 | D:1      | avis the Hill Orc Monk began the quest for the Orb.
     0 | D:1      | Reached XP level 1. HP: 19/19 MP: 1/1
   331 | D:1      | Reached XP level 2. HP: 8/27 MP: 2/2
   332 | D:1      | Found Gedaixzisming's Armour Shoppe.
   711 | D:1      | Found Migoemof's Antique Armour Emporium.
  1077 | D:1      | Found a faded altar of an unknown god.
  1375 | D:2      | Found a broken altar of Ashenzari.
  1387 | D:2      | Reached XP level 3. HP: 31/33 MP: 3/3
  1424 | D:2      | Slain by a worm

Illustrated notes

Levels and vault maps discovered:
D:1:      mainiacjoe_arrival_reflecting_pool, layout_rooms, serial_shops,
          nicolae_shop_hallway_plus, shop_statue,
          shapermc_ecumenical_altar_mp_vishouse
D:2:      layout_basic, basic_altar, uniq_crazy_yiuf_cottage

Skill      XL: |  1  2 |
---------------+-------+-----
Fighting       | 4 |  4.0
Stealth        | 2 |  2.0
Axes           | |  4.4
Dodging        | |  2.6

Action                   || total
-------------------------++-------
Melee: Hand axe          ||    93
       Punch             ||     1
 Stab: Sleeping          ||     5
Armor: Robe              ||     8
Dodge: Dodged            ||    55

Table legend: (Time is in decaauts)
 A = Elapsed time spent in this place.
 B = Non-inter-level travel time spent in this place.
 C = Inter-level travel time spent in this place.
 D = Time resting spent in this place.
 E = Time spent auto-exploring this place.
 F = Levels seen in this place.
 G = Mean time per level.
                   A        B        C        D        E       F      G
               +--------+--------+--------+--------+--------+-----+--------+
         Total |   1435 |   1286 |    149 |    622 |    348 |   2 |  717.5 |
       Dungeon |   1435 |   1286 |    149 |    622 |    348 |   2 |  717.5 |
               +--------+--------+--------+--------+--------+-----+--------+

Top non-repeatable levels by time:
     D:1: 1346 daAuts
     D:2: 89 daAuts
